 Dungeon Crawl Stone Soup version 0.31-a0-38-g1548c4f2a5 (webtiles) character file.

Game seed: 11502840347468923493

941 frimble the Slasher (level 8, -9/63 HPs)
             Began as a Gnoll Reaver on May 16, 2023.
             Killed by nerve-wracking pain
             ... invoked by an orc priest
              (12 damage)
             ... on level 6 of the Dungeon.
             The game lasted 00:06:37 (4523 turns).

frimble the Slasher (Gnoll Reaver)                  Turns: 4523, Time: 00:06:37

Health: -9/63      AC:  2    Str:  9 (11) XL:     8   Next: 12%
Magic:  2/16       EV: 13    Int: 18 (21) God:
Gold:   118        SH:  5    Dex: 13 (14) Spells: 13/18 levels left

rFire   . . .        a - +0 falchion
rCold   . . .        (no shield)
rNeg    . . .        b - +0 leather armour
rPois   .            n - +0 hat
rElec   .            B - +0 cloak
rCorr   .            d - +0 pair of gloves {Dex+3}
SInv    .            A - +0 pair of boots
Will    .....        f - amulet of reflection
Stlth   ++           k - +6 ring of intelligence
HPRegen 0.30/turn    (no ring)
MPRegen 0.15/turn

%: reflection
@: mighty, corroded, very slightly contaminated
A: fangs 1, strong nose, distributed training
a: no special abilities


You were on level 6 of the Dungeon.
You visited 1 branch of the dungeon, and saw 6 of its levels.

You collected 202 gold pieces.
You spent 84 gold pieces at shops.

Inventory:

Hand Weapons
 a - a +0 falchion (weapon)
Missiles
 y - a throwing net
Armour
 b - a +0 leather armour (worn)
 d - a +0 pair of gloves of dexterity (worn)
 n - a +0 hat (worn)
 A - a +0 pair of boots (worn)
 B - a +0 cloak (worn)
Jewellery
 f - an amulet of reflection (around neck)
 k - a +6 ring of intelligence (left hand)
 s - a ring of fire
 x - a ring of flight
 z - an amulet of the acrobat
Wands
 v - a wand of flame (20)
Scrolls
 j - 2 scrolls of immolation
 l - a scroll of enchant armour
 o - 2 scrolls of vulnerability
 t - 2 scrolls of fog
Potions
 c - 2 potions of magic
 e - a potion of attraction
 g - 2 potions of curing
 i - a potion of berserk rage
 m - 2 potions of ambrosia
 p - a potion of resistance
 q - a potion of mutation


   Skills:
 + Level 5.6 Fighting
 + Level 3.1 Short Blades
 + Level 7.3 Long Blades
 + Level 3.1 Axes
 + Level 3.1 Maces & Flails
 + Level 3.1 Polearms
 + Level 3.1 Staves
 + Level 3.1 Ranged Weapons
 + Level 3.1 Throwing
 + Level 3.1 Armour
 + Level 5.6 Dodging
 + Level 3.1 Stealth
 + Level 3.1 Shields
 + Level 3.1 Unarmed Combat
 + Level 5.9 Spellcasting
 + Level 6.0 Conjurations
 + Level 2.5 Hexes
 + Level 2.5 Summonings
 + Level 2.5 Necromancy
 + Level 2.5 Translocations
 + Level 2.5 Transmutations
 + Level 2.5 Fire Magic
 + Level 2.5 Ice Magic
 + Level 2.5 Air Magic
 + Level 2.5 Earth Magic
 + Level 2.5 Poison Magic
 + Level 3.4 Invocations
 + Level 3.1 Evocations


You had 13 spell levels left.
You knew the following spells:

 Your Spells              Type           Power      Damage    Failure   Level
a - Kiss of Death         Conj/Necr      80%        2d11      2%          1
b - Sticky Flame          Conj/Fire      20%        2d4       28%         4

Your spell library contained the following spells:

 Spells                   Type           Power      Damage    Failure   Level
 Momentum Strike          Conj/Tloc      40%        3d9       4%          2
 Hailstorm                Conj/Ice       20%        3d6       9%          3
 Ignite Poison            Fire/Tmut/Pois 14%        N/A       17%         3
 Ozocubu's Armour         Ice            14%        N/A       17%         3
 Metabolic Englaciation   Hex/Ice        7%         N/A       85%         5
 Simulacrum               Ice/Necr       7%         N/A       100%        6
 Ignition                 Fire           7%         3d4       100%        8


Dungeon Overview and Level Annotations

Branches:
Dungeon (5/15)
 Temple: D:4-7

Altars:
Gozag
Hepliaklqana
Wu Jian

Shops:
D:1 *   D:3 *

Annotations:
D:6 Maggie


Innate Abilities, Weirdness & Mutations

You have very sharp teeth.
Your uncanny sense of smell can sniff out nearby items.
Your experience applies equally to all skills.


Message History

It was a potion of degeneration.
There was something very wrong with that liquid.
You feel weakened.
You feel dopey.
You feel clumsy. The jelly hits you but does no damage.
You feel much better. The jelly hits you.
You are splashed with acid!
A sky beast comes into view.
The orc misses you.
Maggie the Vainglorious comes into view.
She is wielding a +0 halberd.
You feel very mighty all of a sudden.
Maggie shouts!
You hear a shout!
The jelly hits you but does no damage. The orc barely misses you.
Maggie mumbles some strange words.
Maggie attempts to bespell you! You resist with almost no effort.
You slice the jelly!!
Your hands burn!
The jelly is severely wounded.
The jelly hits you.
You are splashed with acid!
The orc closely misses you. Something hits you.
* * * LOW HITPOINT WARNING * * *
You block the orc priest's attack.
You slash the jelly!
You kill the jelly!
The orc priest barely misses you. The orc closely misses you.
Something hits you.
* * * LOW HITPOINT WARNING * * *
You hit the orc.
The orc is severely wounded.
The orc priest hits you with a +0 mace!
* * * LOW HITPOINT WARNING * * *
The orc hits you with a +0 club.
* * * LOW HITPOINT WARNING * * *
You block something's attack.
Maggie casts a spell.
Maggie attempts to bespell you!
You easily resist.
You hit the orc.
You kill the orc!
The orc priest misses you. Something hits you but does no damage.
You closely miss the sky beast.
The orc priest calls down the wrath of Beogh upon you.
Pain shoots through your body!
You die...

.........
#.......
#......##
#.......#
#...@...###
######
#.........#
#....# #......#
#....# #.....Y#
∆ #....#
#....)@# #....#
#....o{# #....#
#......#
#....###....).#
#...........###
#.........#.#
#....####.#.#
+....+......#
#....####.###


You could see Maggie, a sky beast and an orc priest.

Vanquished Creatures
  A water moccasin (D:4)
  An orc warrior (D:6)
  2 ice beasts
  An ogre (D:4)
  2 scorpions
  A jelly (D:6)
  2 orc priests (D:3)
  7 gnolls
  9 adders
  5 worms
  4 dart slugs
  5 orcs
  4 ball pythons
  8 bats
  11 endoplasms
  2 giant cockroaches (D:1)
  5 goblins
  5 hobgoblins
  3 quokkas
  3 frilled lizards (D:1)
  9 kobolds
  6 rats
96 creatures vanquished.

Notes
Turn   | Place    | Note
-------+----------+-------------------------------------------
     0 | D:1      | frimble the Gnoll Reaver began the quest for the Orb.
     0 | D:1      | Reached XP level 1. HP: 20/20 MP: 6/6
   148 | D:1      | Found Pitar's Assorted Antiques.
   331 | D:1      | Reached XP level 2. HP: 26/26 MP: 7/7
   798 | D:2      | Identified a scroll of acquirement
   798 | D:2      | Acquired a +0 pair of gloves of dexterity
   886 | D:2      | Reached skill level 5 in Spellcasting
   886 | D:2      | Reached XP level 3. HP: 28/31 MP: 7/9
   909 | D:2      | Found a faded altar of an unknown god.
   999 | D:2      | Reached skill level 1 in Invocations
  1027 | D:2      | Reached skill level 1 in Short Blades
  1027 | D:2      | Reached skill level 1 in Axes
  1027 | D:2      | Reached skill level 1 in Maces & Flails
  1027 | D:2      | Reached skill level 1 in Polearms
  1027 | D:2      | Reached skill level 1 in Staves
  1027 | D:2      | Reached skill level 1 in Ranged Weapons
  1027 | D:2      | Reached skill level 1 in Throwing
  1027 | D:2      | Reached skill level 1 in Armour
  1027 | D:2      | Reached skill level 1 in Stealth
  1027 | D:2      | Reached skill level 1 in Shields
  1027 | D:2      | Reached skill level 1 in Unarmed Combat
  1027 | D:2      | Reached skill level 1 in Evocations
  1203 | D:2      | Reached XP level 4. HP: 38/38 MP: 11/11
  1245 | D:2      | Reached skill level 1 in Hexes
  1245 | D:2      | Reached skill level 1 in Summonings
  1245 | D:2      | Reached skill level 1 in Necromancy
  1245 | D:2      | Reached skill level 1 in Translocations
  1245 | D:2      | Reached skill level 1 in Transmutations
  1245 | D:2      | Reached skill level 1 in Fire Magic
  1245 | D:2      | Reached skill level 1 in Ice Magic
  1245 | D:2      | Reached skill level 1 in Air Magic
  1245 | D:2      | Reached skill level 1 in Earth Magic
  1245 | D:2      | Reached skill level 1 in Poison Magic
  1838 | D:3      | Found an opulent altar of Gozag.
  1851 | D:3      | Found Tooruf's General Store.
  1856 | D:3      | Bought a potion of curing for 36 gold pieces
  1856 | D:3      | Bought a scroll of immolation for 48 gold pieces
  1915 | D:3      | Reached XP level 5. HP: 37/43 MP: 12/12
  2968 | D:4      | Noticed an ogre
  2975 | D:4      | Learned a level 4 spell: Sticky Flame
  2981 | D:4      | Killed an ogre
  2982 | D:4      | Reached skill level 5 in Fighting
  2982 | D:4      | Reached skill level 5 in Dodging
  2982 | D:4      | Reached XP level 6. HP: 29/51 MP: 9/14
  3188 | D:4      | Noticed a water moccasin
  3231 | D:4      | Killed a water moccasin
  3232 | D:4      | Reached skill level 7 in Long Blades
  3232 | D:4      | Reached XP level 7. HP: 36/56 MP: 10/15
  3947 | D:5      | Entered Level 5 of the Dungeon
  4230 | D:5      | Found an ornate altar of the Wu Jian Council.
  4343 | D:5      | Found a hazy altar of Hepliaklqana.
  4463 | D:5      | You fall into a shaft and drop 1 floor!
  4513 | D:6      | Reached XP level 8. HP: 26/63 MP: 4/16
  4517 | D:6      | Noticed Maggie
  4521 | D:6      | HP: 3/63 [orc/+0 club (5)]
  4523 | D:6      | Killed from afar by an orc priest

Illustrated notes

Levels and vault maps discovered:
D:1:      tarquinn_simple_flora_water_a, layout_loops_ring, serial_shops, shop
D:2:      layout_loops_ring, basic_ecumenical_altar, minmay_vboxes
D:3:      layout_loops_corners, overflow_temple_1_default, serial_shops,
          nicolae_shop_just_a_little_nook
D:4:      layout_loops_ring
D:5:      layout_layer_cave, mainiacjoe_overflow_brackets,
          nicolae_wu_jian_wuxing_cycle, minmay_temple_entry_glassed_door,
          hangedman_decor_growths
D:6:      layout_basic, nrook_mini_vaults, uniq_prince_ribbit1, uniq_maggie

Skill      XL: |  1  2  3  4  5  6  7 |
---------------+----------------------+-----
Spellcasting   | 5 |  5.9
Invocations    | 1 2 3 |  3.4
Short Blades   | 1 2 3 |  3.1
Axes           | 1 2 3 |  3.1
Maces & Flails | 1 2 3 |  3.1
Polearms       | 1 2 3 |  3.1
Staves         | 1 2 3 |  3.1
Ranged Weapons | 1 2 3 |  3.1
Throwing       | 1 2 3 |  3.1
Armour         | 1 2 3 |  3.1
Stealth        | 1 2 3 |  3.1
Shields        | 1 2 3 |  3.1
Unarmed Combat | 1 2 3 |  3.1
Evocations     | 1 2 3 |  3.1
Hexes          | 1 2 |  2.5
Summonings     | 1 2 |  2.5
Necromancy     | 1 2 |  2.5
Translocations | 1 2 |  2.5
Transmutations | 1 2 |  2.5
Fire Magic     | 1 2 |  2.5
Ice Magic      | 1 2 |  2.5
Air Magic      | 1 2 |  2.5
Earth Magic    | 1 2 |  2.5
Poison Magic   | 1 2 |  2.5
Fighting       | 5 |  5.6
Dodging        | 5 |  5.6
Long Blades    | 7 |  7.3
Conjurations   | 6 |  6.0

Action                     |  1- 3 |  4- 6 |  7- 9 || total
---------------------------+-------+-------+-------++-------
  Melee: Falchion          |   132 |   146 |    51 ||   329
         Bite              |    19 |    20 |     8 ||    47
   Cast: Sticky Flame      |       |     3 |     9 ||    12
         Kiss of Death     |       |     1 |       ||     1
    Use: Scroll            |     3 |     6 |     9 ||    18
         Potion            |       |     1 |     5 ||     6
   Stab: Sleeping          |       |     3 |       ||     3
 Armour: Leather armour    |    26 |    28 |    21 ||    75
  Dodge: Dodged            |    70 |    85 |    31 ||   186
  Block: Other             |       |    28 |    20 ||    48

Table legend: (Time is in decaauts)
 A = Elapsed time spent in this place.
 B = Non-inter-level travel time spent in this place.
 C = Inter-level travel time spent in this place.
 D = Time resting spent in this place.
 E = Time spent auto-exploring this place.
 F = Levels seen in this place.
 G = Mean time per level.
                   A        B        C        D        E       F      G
               +--------+--------+--------+--------+--------+-----+--------+
         Total |   4514 |   4330 |    184 |    287 |   3235 |   6 |  752.3 |
       Dungeon |   4514 |   4330 |    184 |    287 |   3235 |   6 |  752.3 |
               +--------+--------+--------+--------+--------+-----+--------+

Top non-repeatable levels by time:
     D:4: 1189 daAuts
     D:3: 1164 daAuts
     D:2: 914 daAuts
     D:1: 849 daAuts
     D:5: 337 daAuts
     D:6: 59 daAuts
